[Event "Team 45 45 League T44"]
[Site "Internet Chess Club"]
[Date "2010.03.04"]
[Round "5"]
[White "fledermaus"]
[Black "mcplayerus"]
[Result "1-0"]
[WhiteElo "1926"]
[BlackElo "1979"]
[Opening "QGD: Orthodox defense, Bd3 line"]
[ECO "D66"]
[Time "14:00:52"]
[TimeControl "2700+45"]

1. d4 d5 2. c4 e6 3. Nc3 Nf6 4. Bg5 Be7 5. e3 O-O 6. Nf3 c6 7. Rc1 Nbd7 8. Bd3
Re8 9. O-O Nf8 10. Ne5 Ng6 11. f4 dxc4 12. Bxc4 Nd5 13. Bxe7 Qxe7 14. Rf3 Bd7
15. Ne4 Nf8 16. Nc5 Bc8 17. e4 Nb6 18. Bb3 Nbd7 19. Ncxd7 Nxd7 20. Nc4 Nf6 21.
e5 Nd5 22. Nd6 Rf8 23. Ne4 Bd7 24. Bc2 f5 25. Nd6 Be8 26. Qd2 Bh5 27. Rb3 Rab8
28. Ra3 Ra8 29. Bb3 Nb6 30. Qd3 Kh8 31. Qh3 Bg4 32. Qg3 Be2 33. Re1 Ba6 34. Qc3
h6 35. Qc5 Rab8 36. Nxb7 Rxb7 37. Qxe7 Rxe7 38. Rxa6 Rd8 39. Rd1 g5 40. fxg5
hxg5 41. Ra5 Kg7 42. Rc5 Rc8 43. Rdc1 Rd8 44. Rxc6 Rxd4 45. Rxe6 Rxe6 46. Bxe6
Re4 47. Bb3 Rxe5 48. Rc7+ Kg6 49. Rxa7 Kh5 50. Kf2 Nc8 51. Rh7+ Kg6 52. Rc7 Ne7
53. Bc4 g4 54. g3 Kg5 55. b4 f4 56. Rc5 Rxc5 57. bxc5 f3 58. Be6 Nc6 59. a4 Ne5
60. Kf1 Kf6 61. Bd5 Ke7 62. a5 Nd3 63. a6 {Black resigns} 1-0

[Event "Team 45 45 League T44"]
[Site "Internet Chess Club"]
[Date "2010.03.12"]
[Round "5"]
[White "AronT"]
[Black "whitetiger"]
[Result "1/2-1/2"]
[WhiteElo "2000"]
[BlackElo "1880"]
[Opening "Grünfeld: exchange, classical variation"]
[ECO "D87"]
[Time "20:00:22"]
[TimeControl "2700+45"]

1. d4 Nf6 2. c4 g6 3. Nc3 d5 4. cxd5 Nxd5 5. e4 Nxc3 6. bxc3 Bg7 7. Bc4 c5 8.
Ne2 Nc6 9. Be3 O-O 10. O-O Qc7 11. Rc1 Rd8 12. Qc2 Na5 13. Bb3 cxd4 14. cxd4
Qxc2 15. Rxc2 Nxb3 16. axb3 b6 17. Rfc1 Ba6 18. Rd1 Rdc8 19. Ra2 Bb5 20. d5 Bxe2
21. Rxe2 Rc3 22. Rb1 Rd3 23. Rd2 Rxd2 24. Bxd2 Be5 25. Rc1 a5 26. f4 Bd4+ 27.
Kf1 a4 28. bxa4 Rxa4 29. Ke2 Bc5 30. Kd3 Rd4+ 31. Ke3 Rxd5+ 32. Ke2 Rd4 33. e5
e6 34. Rc3 Kg7 35. Rd3 Rxd3 36. Kxd3 f6 37. g4 fxe5 38. fxe5 h6 39. Kc4 h5 40.
h3 Kf7 41. Bb4 Be3 42. Kb5 hxg4 43. hxg4 Bd4 44. Bd6 Kg7 45. Kc6 Kh6 46. Kd7 Kg5
47. Kxe6 Kxg4 48. Kd5 {Game drawn by mutual agreement} 1/2-1/2

[Event "Team 45 45 League T44"]
[Site "Internet Chess Club"]
[Date "2010.03.06"]
[Round "5"]
[White "fishhead"]
[Black "smitty120"]
[Result "1-0"]
[WhiteElo "1884"]
[BlackElo "1934"]
[Opening "Ruy Lopez: 5.O-O"]
[ECO "C78"]
[Time "18:00:27"]
[TimeControl "2700+45"]

1. e4 e5 2. Nf3 Nc6 3. Bb5 a6 4. Ba4 Nf6 5. O-O b5 6. Bb3 Bc5 7. Nxe5 Nxe5 8. d4
Bxd4 9. Qxd4 d6 10. Qe3 O-O 11. f4 Ng6 12. Nd2 Re8 13. Qf3 Bb7 14. Re1 Qe7 15.
f5 Ne5 16. Qf1 Ned7 17. c4 Nc5 18. cxb5 axb5 19. Bc2 Bc6 20. Nf3 Ncxe4 21. Nd4
Bb7 22. Qxb5 c5 23. Nf3 Qc7 24. Bf4 Ba6 25. Qb3 Qc6 26. a4 Rab8 27. Qa3 Rb4 28.
a5 Qd5 29. Red1 Qxf5 30. Bxd6 Be2 31. Rd2 Bxf3 32. gxf3 Qg5+ 33. Rg2 Qd5 34. Bf4
Nd6 35. Bh6 Qd4+ 36. Kh1 g6 37. Rd1 Qe5 38. Bc1 Nc4 39. Qc3 Nxb2 40. Qxe5 Rxe5
41. Rd8+ Kg7 42. a6 Re7 43. Bd2 Rb6 44. Bc3 Nc4 45. Bd3 Nd6 46. Ra2 Ra7 47. Be5
Nb5 48. Bb8 Ra8 49. a7 Nd4 50. Ra6 Rxa6 51. Bxa6 Nc6 52. Bb7 Rxa7 53. Bxc6 Ra6
54. Be4 Re6 55. Bd3 Re3 56. Kg2 Re1 57. Kf2 Re6 58. Rc8 Nd7 59. Bb5 Nxb8 60.
Rxb8 Re5 61. Rb7 Kf8 62. Bc4 Rf5 63. Ke3 h5 64. h4 Kg7 65. Rc7 Kf8 66. Bd3 Re5+
67. Kf4 Rd5 68. Be4 Rd1 69. Rxc5 Rd7 70. Re5 Kg7 71. Re8 Rc7 72. Rb8 Kf6 73.
Rb6+ Kg7 74. Rb7 Rc5 75. Ke3 Rc8 76. Bd5 Rf8 77. Kf4 Kf6 78. Bb3 g5+ 79. hxg5+
Kg7 80. Kf5 h4 81. Kg4 Kg6 82. Bxf7+ {Black resigns} 1-0

[Event "Team 45 45 League T44"]
[Site "Internet Chess Club"]
[Date "2010.03.06"]
[Round "5"]
[White "scottrugby"]
[Black "FatTire"]
[Result "1-0"]
[WhiteElo "1515"]
[BlackElo "1267"]
[Opening "Scotch opening"]
[ECO "C44"]
[Time "20:00:05"]
[TimeControl "2700+45"]

1. e4 e5 2. Nf3 Nc6 3. d4 d6 4. dxe5 Bg4 5. exd6 Bxd6 6. Bb5 Ne7 7. Bg5 f6 8.
Be3 a6 9. Ba4 f5 10. Nc3 Qd7 11. h3 Bh5 12. exf5 Bxf3 13. Qxf3 Nxf5 14. Bxc6
bxc6 15. O-O-O O-O 16. Qg4 Qe7 17. Rhe1 Qf6 18. Qc4+ Kh8 19. Qxc6 Nxe3 20. fxe3
a5 21. Ne4 Qe5 22. Nxd6 cxd6 23. Qxd6 Qb5 24. Qd3 Qb7 25. e4 a4 26. a3 Rab8 27.
Qd4 h6 28. Rf1 Rfd8 29. Qb4 Qa7 30. Rxd8+ Rxd8 31. Rf8+ Rxf8 32. Qxf8+ Kh7 33.
Qf5+ g6 34. Qf1 Qe3+ 35. Kb1 Qxe4 36. Qf7+ Kh8 37. Qf6+ Kg8 38. Qf2 h5 39. h4
Kg7 40. g3 Qh1+ 41. Ka2 Qd5+ 42. b3 axb3+ 43. cxb3 g5 44. hxg5 Qxg5 45. a4 Qg4
46. a5 Qb4 47. Qb2+ Kg6 48. Qc2+ Kg5 49. Qc1+ Kg6 50. Qc6+ Kg5 51. Qd5+ Kg6 52.
a6 Qb6 53. Qd3+ Kg5 54. Ka3 Qa5+ 55. Kb2 Kg4 56. Qd4+ Kxg3 57. a7 h4 58. Qe3+
Kh2 59. Qf2+ Kh3 60. Qf3+ Kh2 61. a8=Q {Black resigns} 1-0

[Event "Team 45 45 League T44"]
[Site "Internet Chess Club"]
[Date "2010.03.07"]
[Round "5"]
[White "VerticalMotion"]
[Black "Just-Jim"]
[Result "1-0"]
[WhiteElo "1382"]
[BlackElo "1279"]
[Opening "Ruy Lopez: Cozio defense"]
[ECO "C60"]
[Time "13:18:53"]
[TimeControl "2700+45"]

1. e4 e5 2. Nf3 Nc6 3. Bb5 Nge7 4. Nc3 a6 5. Ba4 b5 6. Bb3 h6 7. d4 Ng6 8. O-O
d6 9. Bd5 Bb7 10. dxe5 Ngxe5 11. Nxe5 dxe5 12. Be3 Na5 13. Qh5 Bxd5 14. Nxd5 Nc6
15. Rad1 Bd6 16. f4 O-O 17. f5 f6 18. Bxh6 gxh6 19. Rd3 Rf7 20. Rg3+ Rg7 21. Rh3
Rh7 22. Qg6+ Kh8 23. Nxf6 Qe7 24. Nxh7 Qxh7 25. Rxh6 Qxh6 26. Qxh6+ Kg8 27. f6
Bf8 28. Qg6+ Kh8 29. Rf5 Bc5+ 30. Kh1 Bf8 31. Rh5+ Bh6 32. Rxh6# {Black
checkmated} 1-0

[Event "Team 45 45 League T44"]
[Site "Internet Chess Club"]
[Date "2010.03.07"]
[Round "5"]
[White "OutofBook"]
[Black "taldeital"]
[Result "0-1"]
[WhiteElo "1283"]
[BlackElo "1362"]
[Opening "Scandinavian (center counter) defense"]
[ECO "B01"]
[Time "16:00:26"]
[TimeControl "2700+45"]

1. e4 d5 2. exd5 Qxd5 3. Nc3 Qd8 4. Nf3 Bg4 5. d4 e6 6. Be2 Nf6 7. Bg5 Be7 8.
Qd3 c6 9. h3 Bf5 10. Qd2 Qb6 11. O-O-O Nbd7 12. Bd3 Bxd3 13. Qxd3 O-O-O 14. Rhe1
h6 15. Be3 Qc7 16. g3 Bb4 17. Bf4 Bd6 18. Bxd6 Qxd6 19. Ne5 Nxe5 20. dxe5 Qxd3
21. Rxd3 Rxd3 22. cxd3 Nd5 23. Nxd5 cxd5 24. Kc2 Kd7 25. Kb3 Rc8 26. d4 Rc4 27.
Re4 b5 28. Rf4 Ke7 29. Ka3 h5 30. h4 a5 31. b3 Rc2 32. Rf3 f6 33. b4 a4 34.
exf6+ gxf6 35. g4 hxg4 36. Rg3 f5 37. Rg2 Rd2 38. Rh2 g3 39. Rh3 g2 40. Rg3 Rxd4
41. h5 Rg4 42. h6 Kf7 43. Kb2 Kg6 44. Rh3 Kh7 45. Rh5 g1=Q 46. a3 Qxf2+ {White
resigns} 0-1

[Event "Team 45 45 League T44"]
[Site "Internet Chess Club"]
[Date "2010.03.04"]
[Round "5"]
[White "ElmerHo"]
[Black "fuzzface"]
[Result "1-0"]
[WhiteElo "1504"]
[BlackElo "1407"]
[Opening "Sicilian defense"]
[ECO "B41"]
[Time "21:30:12"]
[TimeControl "2700+45"]

1. e4 c5 2. Nf3 e6 3. d4 Nc6 4. d5 exd5 5. exd5 Qe7+ 6. Be2 Nf6 7. dxc6 dxc6 8.
O-O Bg4 9. Nc3 Rd8 10. Bd2 g6 11. Re1 Bh6 12. Bf1 Be6 13. Qe2 Bxd2 14. Nxd2 O-O
15. Rad1 Qc7 16. Qe5 Qxe5 17. Rxe5 Ng4 18. Ree1 Rfe8 19. Nde4 b6 20. h3 Rxd1 21.
Rxd1 Nxf2 22. Kxf2 Kg7 {Black resigns} 1-0

[Event "Team 45 45 League T44"]
[Site "Internet Chess Club"]
[Date "2010.03.05"]
[Round "5"]
[White "milesotoole"]
[Black "houseofcook"]
[Result "0-1"]
[WhiteElo "1362"]
[BlackElo "1455"]
[Opening "French: Burn variation"]
[ECO "C11"]
[Time "11:01:24"]
[TimeControl "2700+45"]

1. e4 e6 2. d4 d5 3. Nc3 Nf6 4. Bg5 dxe4 5. Nxe4 Be7 6. Bxf6 Bxf6 7. Nf3 Nd7 8.
Qd2 O-O 9. O-O-O c6 10. Bd3 b6 11. h4 Be7 12. g4 a5 13. Neg5 g6 14. h5 h6 15.
Nxf7 Rxf7 16. Qe2 Bg5+ 17. Nxg5 Qxg5+ 18. Kb1 Nf8 19. hxg6 Nxg6 20. Bxg6 Qxg6
21. Rdf1 Ba6 22. Qe5 Bxf1 23. Rxf1 Rd8 {White resigns} 0-1

[Event "Team 45 45 League T44"]
[Site "Internet Chess Club"]
[Date "2010.03.06"]
[Round "5"]
[White "Toalla"]
[Black "JimGaming"]
[Result "1/2-1/2"]
[WhiteElo "1293"]
[BlackElo "1267"]
[Opening "Nimzo-Indian: Romanishin-Kasparov (Steiner) system"]
[ECO "E00"]
[Time "14:06:07"]
[TimeControl "2700+45"]

1. d4 Nf6 2. c4 e6 3. g3 Bb4+ 4. Nc3 Ne4 5. Qc2 d5 6. e3 c5 7. Nf3 Nc6 8. Bd2
Nxd2 9. Nxd2 cxd4 10. cxd5 exd5 11. exd4 Qe7+ 12. Be2 Nxd4 13. Qd3 Nxe2 14. Qxe2
Qxe2+ 15. Nxe2 Bxd2+ 16. Kxd2 O-O 17. Rhe1 b6 18. Nc3 Bb7 19. Re7 Bc6 20. Rae1
a6 21. Rc7 Rfc8 22. Ree7 d4 23. Rxc8+ Rxc8 24. Ne4 Bxe4 25. Rxe4 Rd8 26. Kd3 Kf8
27. Rxd4 Rxd4+ 28. Kxd4 Ke7 29. Kd5 Kd7 30. b4 h5 31. f4 Kc7 32. a4 Kd7 33. f5
Kc7 34. b5 axb5 35. axb5 Kd7 36. h3 Kc7 37. g4 hxg4 38. hxg4 Kd7 39. Ke5 Kc7 40.
g5 Kd7 41. f6 g6 42. Kd5 Kc7 43. Ke5 Kd7 44. Kd5 {Game drawn by mutual
agreement} 1/2-1/2

[Event "Team 45 45 League T44"]
[Site "Internet Chess Club"]
[Date "2010.03.07"]
[Round "5"]
[White "Electryon"]
[Black "siddhu"]
[Result "0-1"]
[WhiteElo "1401"]
[BlackElo "1850"]
[Opening "English: Caro-Kann defensive system"]
[ECO "A11"]
[Time "12:02:54"]
[TimeControl "2700+45"]

1. c4 c6 2. g3 Nf6 3. Bg2 d5 4. Nf3 Bf5 5. cxd5 cxd5 6. Qb3 b6 7. Nc3 e6 8. d3
Nbd7 9. Bf4 Nc5 10. Qc2 Bd6 11. Bxd6 Qxd6 12. O-O O-O 13. Nh4 Bg6 14. Nxg6 hxg6
15. b4 Ncd7 16. a3 Rac8 17. Qd2 a6 18. d4 Rc4 19. e3 Rfc8 20. Rfc1 b5 21. Bf1
R4c7 22. Bd3 Nb6 23. Ne2 Nc4 24. Bxc4 Rxc4 25. Rxc4 Rxc4 26. f3 Nd7 27. Nf4 Nb6
28. Nd3 Na4 29. Rc1 Qc6 30. Nc5 Nxc5 31. dxc5 a5 32. Rxc4 bxc4 33. e4 f6 34.
exd5 exd5 35. Kf2 axb4 36. axb4 Kf7 37. Ke3 Qe6+ 38. Kd4 Qe5# {White checkmated}
0-1

[Event "Team 45 45 League T44"]
[Site "Internet Chess Club"]
[Date "2010.03.07"]
[Round "5"]
[White "Theodulf"]
[Black "Beancounter"]
[Result "1-0"]
[WhiteElo "1640"]
[BlackElo "1622"]
[Opening "Caro-Kann: exchange variation"]
[ECO "B13"]
[Time "07:15:26"]
[TimeControl "2700+45"]

1. e4 c6 2. d4 d5 3. exd5 cxd5 4. Bd3 Nc6 5. c3 g6 6. Bg5 Bg7 7. Nd2 Qc7 8. Ngf3
Be6 9. O-O Nf6 10. Re1 O-O 11. Bh4 Nh5 12. Bc2 Rac8 13. Rc1 Rfe8 14. Ng5 Bd7 15.
Qf3 Nf6 16. Bb3 e6 17. Bg3 Qd8 18. Be5 h6 19. Nh3 Nxe5 20. dxe5 Nh7 21. Qe3 Nf8
22. Qxa7 Bc6 23. Qe3 Nd7 24. f4 Bf8 25. Kh1 Qa5 26. Ra1 Bc5 27. Qe2 Qa7 28. Nf3
Bf8 29. Nd4 Ba4 30. Bxa4 Qxa4 31. Qb5 Nc5 32. Qxa4 Nxa4 33. Rab1 Rc5 34. Ng1
Rec8 35. Nge2 Nb6 36. Red1 Nc4 37. Rd3 Ra8 38. a3 Ra6 39. Nc2 Rb5 40. Nb4 Bxb4
41. cxb4 Kf8 42. h3 g5 43. Nd4 Rbb6 44. fxg5 hxg5 45. Nf3 Kg7 46. Kg1 Kg6 47. g4
Ra8 48. Kf2 Rc8 49. Rc3 Rh8 50. Kg3 Rc6 51. b5 Rcc8 52. Rbc1 Ra8 53. R1c2 f6 54.
exf6 Kxf6 55. Rf2 Kg6 56. h4 gxh4+ 57. Nxh4+ Kg5 58. Nf3+ Kg6 59. Re2 Rhe8 60.
Ne5+ Nxe5 61. Rxe5 Kf6 62. Re2 Re7 63. Rc5 d4 64. Kf4 Rd8 65. Ke4 e5 66. Rf2+
Kg5 67. Rf5+ Kxg4 68. Rfxe5 Red7 69. Rg5+ Kh4 70. Kd3 Re8 71. Rgd5 Red8 72. Rxd7
Rxd7 73. Rc4 Kg5 74. Rxd4 Rc7 75. Rc4 Rd7+ 76. Kc3 Kf6 77. Re4 Rc7+ 78. Kb4 Rc2
79. b3 Kf5 80. Re7 {Black resigns} 1-0

[Event "Team 45 45 League T44"]
[Site "Internet Chess Club"]
[Date "2010.03.06"]
[Round "5"]
[White "philosopherking"]
[Black "allanchs"]
[Result "1/2-1/2"]
[WhiteElo "1566"]
[BlackElo "1529"]
[Opening "QGD: Orthodox defense, classical variation"]
[ECO "D68"]
[Time "13:00:14"]
[TimeControl "2700+45"]

1. d4 d5 2. c4 e6 3. Nc3 Nf6 4. Bg5 Be7 5. e3 O-O 6. Nf3 Nbd7 7. Rc1 c6 8. Bd3
dxc4 9. Bxc4 Nd5 10. Bxe7 Qxe7 11. O-O Nxc3 12. Rxc3 e5 13. d5 cxd5 14. Bxd5 Nf6
15. Qb3 h6 16. Rfc1 Rb8 17. Rc7 Qe8 18. Bxb7 Be6 19. Qc3 Qb5 20. Bc6 Qxb2 21.
Qxb2 Rxb2 22. Rxa7 e4 23. Nd4 Bxa2 24. Rb7 Rxb7 25. Bxb7 Rb8 26. Rc8+ Rxc8 27.
Bxc8 Kf8 28. h3 Bd5 29. Kh2 Ne8 30. Nf5 h5 31. Bd7 g6 32. Bxe8 Kxe8 33. Nd6+ Ke7
34. Nb5 h4 35. g3 hxg3+ 36. Kxg3 f5 37. Kh4 Kf6 38. Nd4 g5+ 39. Kg3 Ke5 40. h4
gxh4+ 41. Kxh4 f4 42. Kg4 fxe3 43. fxe3 {Game drawn by mutual agreement} 1/2-1/2

[Event "Team 45 45 League T44"]
[Site "Internet Chess Club"]
[Date "2010.03.06"]
[Round "5"]
[White "kingphisch"]
[Black "yemisco1"]
[Result "1-0"]
[WhiteElo "1504"]
[BlackElo "1428"]
[Opening "King's pawn opening"]
[ECO "B07"]
[Time "13:00:20"]
[TimeControl "2700+45"]

1. e4 d6 2. d4 c6 3. Nc3 a6 4. Nf3 Bg4 5. Bc4 h6 6. h3 Bh5 7. Bf4 e6 8. a4 Nd7
9. g4 Bg6 10. e5 d5 11. Bd3 Ne7 12. h4 c5 13. g5 c4 14. Bxg6 Nxg6 15. Bg3 h5 16.
Ne2 Ne7 17. c3 g6 18. Qc2 Nf5 19. O-O Qa5 20. Rfb1 Rc8 21. Nc1 Qc7 22. Bh2 a5
23. Ne2 Be7 24. Ng3 Qd8 25. Qd2 Ng7 26. Ne2 Nf5 27. Bg3 O-O 28. Nf4 Re8 29. Ng2
Nf8 30. Ne3 Ng7 31. Qc2 Nf5 32. Ng2 Nh7 33. Qd2 b6 34. Qf4 Rf8 35. Ne3 Qc7 36.
Nxf5 exf5 37. Qd2 Rfd8 38. e6 Bd6 39. exf7+ Kxf7 40. Bxd6 Qxd6 41. Ne5+ Kg7 42.
Re1 Rc7 43. f4 Re7 44. Qc2 Re6 45. Re2 Nf8 46. Rae1 Rde8 47. Qd2 Nd7 48. Rd1 Nb8
49. Kf1 Nc6 50. Re3 Na7 51. Rde1 b5 52. Qc2 b4 53. b3 cxb3 54. Qxb3 Qa6+ 55. Kf2
Qd6 56. Rc1 Rc8 57. Rc2 Nc6 58. Rce2 Nxe5 59. dxe5 Qb6 60. Kf3 Rxc3 61. Rxc3
bxc3 62. Qxc3 Rc6 63. Qe3 Qxe3+ 64. Rxe3 Kf7 65. Rb3 Ke6 66. Rb7 Rc3+ 67. Kg2
Rc4 68. Kf3 Rxa4 69. Rg7 Ra3+ 70. Kg2 Ra2+ 71. Kf3 Ra3+ 72. Kg2 a4 73. Rxg6+ Ke7
74. Rf6 Rd3 75. g6 a3 76. g7 a2 77. g8=Q Rd2+ 78. Kf3 Rd3+ 79. Ke2 a1=Q 80. Qg7+
Ke8 81. Rf8# {Black checkmated} 1-0

[Event "Team 45 45 League T44"]
[Site "Internet Chess Club"]
[Date "2010.03.10"]
[Round "5"]
[White "tourettes"]
[Black "KoalieAwe"]
[Result "1-0"]
[WhiteElo "1538"]
[BlackElo "1551"]
[Opening "Scandinavian (center counter) defense"]
[ECO "B01"]
[Time "15:10:54"]
[TimeControl "2700+45"]

1. e4 d5 2. exd5 Qxd5 3. Nc3 Qa5 4. d4 c6 5. Bd2 Qc7 6. Bc4 Nf6 7. Nf3 Bf5 8.
O-O e6 9. Re1 Bd6 10. h3 h6 11. Ne5 Nbd7 12. g4 Bh7 13. Qe2 Bxe5 14. dxe5 Nd5
15. Rac1 Nxc3 16. Bxc3 O-O-O 17. Bb4 c5 18. Bc3 g5 19. b4 Bg6 20. a3 h5 21. Bd3
Bxd3 22. cxd3 Kb8 23. gxh5 Rh7 24. bxc5 Qxc5 25. Bb4 Qd5 26. Bd6+ Ka8 27. Rc7
Nb6 28. Rec1 a6 29. R7c5 Qd4 30. Bc7 Nd7 31. R5c4 Qd5 32. Bxd8 Qxe5 33. Qxe5
Nxe5 34. Rc8+ Ka7 35. Bf6 Nc6 36. R8xc6 bxc6 37. Rxc6 Kb7 38. Rd6 Rxh5 39. Kg2
Rh7 40. Rd7+ Kc6 41. Re7 Kb5 42. Ra7 Kb6 43. Re7 Ka5 44. Kg3 Ka4 45. Ra7 Kxa3
46. Rxa6+ Kb3 47. Rd6 Kc2 48. Rd7 Kd1 49. Bxg5 Ke2 50. h4 Rg7 51. f3 Kd1 52. Kf4
Ke2 53. h5 e5+ 54. Kf5 Kxf3 55. h6 Rh7 56. Re7 Ke2 57. Rd7 Kf3 58. Rd5 Ke2 59.
Kxe5 Kf3 60. Kf6 Ke2 61. Rd7 {Black resigns} 1-0

[Event "Team 45 45 League T44"]
[Site "Internet Chess Club"]
[Date "2010.03.07"]
[Round "5"]
[White "vollmerj"]
[Black "Karan99"]
[Result "0-1"]
[WhiteElo "1727"]
[BlackElo "1600"]
[Opening "Ruy Lopez: 5.O-O"]
[ECO "C78"]
[Time "19:00:52"]
[TimeControl "2700+45"]

1. e4 e5 2. Nf3 Nc6 3. Bb5 a6 4. Ba4 Nf6 5. O-O Bb4 6. c3 Ba5 7. Re1 b5 8. Bc2
O-O 9. d4 exd4 10. Nxd4 Bb7 11. Nxc6 Bxc6 12. e5 Nd5 13. Be4 Ne7 14. Qg4 Bxe4
15. Rxe4 f5 16. exf6 Rxf6 17. Bg5 Rg6 18. h4 h6 19. Rxe7 Qxe7 20. Bxe7 Rxg4 21.
g3 Re8 22. Bb4 Bxb4 23. cxb4 Re1+ 24. Kg2 Rxb4 25. b3 Rd4 26. f4 {White resigns}
0-1

[Event "Team 45 45 League T44"]
[Site "Internet Chess Club"]
[Date "2010.03.07"]
[Round "5"]
[White "dagger132"]
[Black "crankn8tr"]
[Result "0-1"]
[WhiteElo "1100"]
[BlackElo "1473"]
[Opening "QGD: Tarrasch defense"]
[ECO "D32"]
[Time "18:00:43"]
[TimeControl "2700+45"]

1. d4 d5 2. c4 e6 3. Nc3 c5 4. Nf3 Nc6 5. Bf4 Nf6 6. e3 Be7 7. Qc2 O-O 8. O-O-O
cxd4 9. exd4 a6 10. g3 Bd7 11. h4 Nb4 12. Qd2 Ne4 13. Qe2 Nxc3 14. bxc3 Nc6 15.
Nd2 Ba3+ 16. Kb1 Nxd4 17. cxd4 dxc4 18. Qxc4 Rc8 19. Qb3 Be7 20. Nc4 Bc6 21. Rg1
Bd5 22. Qc3 b5 23. Rc1 bxc4 24. Qe3 Qb6+ 25. Ka1 Qa5 26. Qc3 Bb4 27. Qc2 c3 28.
Bd3 g6 29. h5 f5 30. g4 Bc4 31. Bxc4 Rxc4 32. gxf5 Rxf5 33. hxg6 h5 34. Be5 Ba3
35. Rb1 Bb2+ 36. Rxb2 cxb2+ 37. Qxb2 Qc3 38. f4 Rxe5 39. Qxc3 Rxc3 40. dxe5 Rf3
41. Kb2 Rxf4 42. Kc3 Kg7 43. Kd3 Ra4 44. Ke3 Rg4 45. Rxg4 hxg4 46. Kf4 g3 47.
Kxg3 Kxg6 48. Kf4 Kh5 49. Ke4 Kg4 50. Kd4 Kf4 51. a3 a5 52. a4 Kf5 53. Kc5 Kxe5
54. Kb5 Kd5 55. Kxa5 Kc6 56. Ka6 e5 57. Ka7 e4 58. a5 e3 59. a6 e2 60. Kb8 e1=Q
61. Ka8 Qe8+ 62. Ka7 Qd7+ 63. Kb8 Kb6 64. Ka8 Qc8# {White checkmated} 0-1

[Event "Team 45 45 League T44"]
[Site "Internet Chess Club"]
[Date "2010.03.06"]
[Round "5"]
[White "IceBox"]
[Black "Ehab"]
[Result "0-1"]
[WhiteElo "1710"]
[BlackElo "1958"]
[Opening "Queen's pawn game"]
[ECO "D02"]
[Time "17:00:56"]
[TimeControl "2700+45"]

1. d4 d5 2. Nf3 c6 3. Bg5 Qb6 4. b3 h6 5. Bh4 Bf5 6. e3 e6 7. Bd3 Qa5+ 8. Qd2
Bb4 9. c3 Bxd3 10. Qxd3 Bd6 11. O-O Nd7 12. Bg3 Qc7 13. Bxd6 Qxd6 14. Nbd2 f5
15. Nh4 Ne7 16. c4 O-O 17. f4 Nf6 18. Nhf3 Ng4 19. h3 Nf6 20. Ne5 Ne4 21. c5 Qd8
22. b4 Qe8 23. a4 g5 24. fxg5 hxg5 25. Rf3 Qh5 26. Qe2 Kg7 27. Nxe4 dxe4 28. Rf2
Qh4 29. Kf1 Nd5 30. Ke1 f4 31. exf4 e3 {White resigns} 0-1

[Event "Team 45 45 League T44"]
[Site "Internet Chess Club"]
[Date "2010.03.07"]
[Round "5"]
[White "MtzKid"]
[Black "chipionero"]
[Result "0-1"]
[WhiteElo "1561"]
[BlackElo "1707"]
[Opening "Sicilian: Smith-Morra gambit"]
[ECO "B21"]
[Time "12:00:21"]
[TimeControl "2700+45"]

1. e4 c5 2. d4 cxd4 3. c3 d3 4. c4 Nc6 5. Bxd3 e6 6. Nc3 a6 7. Nf3 Qc7 8. O-O
Nf6 9. Bg5 Be7 10. Qd2 d6 11. Rad1 b6 12. Bc2 Nb4 13. Ba4+ Bd7 14. Bxd7+ Qxd7
15. Bxf6 gxf6 16. Qh6 O-O-O 17. Qh5 Qe8 18. Nd4 Kb7 19. a3 Nc6 20. Nxc6 Kxc6 21.
b4 Kb7 22. b5 a5 23. Qf3 Ka7 24. Qe3 Rb8 25. Ne2 e5 26. Nc3 Qc8 27. Nd5 Bd8 28.
Qe2 f5 29. exf5 Qxf5 30. f4 f6 31. fxe5 Qxe5 32. Qg4 Qg5 33. Qd7+ Rb7 34. Qxd6
Rg8 35. g3 f5 36. Rf4 h5 37. Rdf1 h4 38. Rxf5 Qg4 39. R5f4 Qe2 40. Rf7 Qe8 41.
Rf8 Rxf8 42. Rxf8 Qe1+ 43. Rf1 Qe8 44. g4 Be7 45. Nxe7 Rxe7 46. c5 bxc5 47.
Qxc5+ Kb8 48. Qb6+ Rb7 49. Qd6+ Ka7 50. Qd4+ Ka8 51. a4 Rd7 52. Qf4 h3 53. Qf8
Qxf8 54. Rxf8+ Kb7 55. Rf4 Rd2 56. Rf2 Rd1+ 57. Rf1 Rd2 58. Rf3 Rg2+ 59. Kh1
Rxg4 60. Rxh3 Rxa4 61. Rb3 Rb4 62. Ra3 Rxb5 63. Kg2 Kb6 64. Kf3 Rb4 65. Re3 a4
66. h3 Rb3 67. h4 Rxe3+ 68. Kxe3 a3 69. h5 a2 70. h6 a1=Q {White resigns} 0-1

[Event "Team 45 45 League T44"]
[Site "Internet Chess Club"]
[Date "2010.03.06"]
[Round "5"]
[White "calily"]
[Black "idjit"]
[Result "0-1"]
[WhiteElo "1588"]
[BlackElo "1669"]
[Opening "Giuoco Piano"]
[ECO "C54"]
[Time "10:02:14"]
[TimeControl "2700+45"]

1. e4 e5 2. Nf3 Nc6 3. Bc4 Bc5 4. c3 Nf6 5. d3 O-O 6. O-O d6 7. a4 Be6 8. Bxe6
fxe6 9. b4 Nxb4 10. cxb4 Bxb4 11. Qb3 Bc5 12. Qxe6+ Kh8 13. Ng5 Qe8 14. Be3 Bxe3
15. fxe3 Qh5 16. Nf3 Ng4 17. Nc3 Rxf3 18. h3 Rxf1+ 19. Rxf1 Nxe3 20. Rf3 Qg5 21.
g4 Nxg4 22. hxg4 Qc1+ 23. Kg2 Qxc3 24. Qe7 Rg8 25. Kg3 a6 26. Kh4 b5 27. axb5
axb5 28. Rf8 h6 29. Qf7 Rxf8 30. Qxf8+ Kh7 31. Qf5+ Kg8 32. Qc8+ Kf7 33. Qd7+
Kf6 34. Qd8+ Kg6 35. Qe8+ Kh7 36. g5 Qe1+ 37. Kg4 Qg1+ 38. Kf5 Qxg5+ 39. Ke6
Qg6+ {White resigns} 0-1

[Event "Team 45 45 League T44"]
[Site "Internet Chess Club"]
[Date "2010.03.06"]
[Round "5"]
[White "mongmong"]
[Black "jofar"]
[Result "0-1"]
[WhiteElo "1547"]
[BlackElo "1749"]
[Opening "King's Indian: East Indian defense"]
[ECO "A48"]
[Time "06:05:51"]
[TimeControl "2700+45"]

1. d4 Nf6 2. Nf3 g6 3. e3 Bg7 4. c4 O-O 5. b4 a5 6. b5 c5 7. bxc6 bxc6 8. a4 Na6
9. Ba3 Nb4 10. Nc3 d6 11. Nd2 Bf5 12. e4 Bg4 13. f3 Bd7 14. Bxb4 axb4 15. Na2 c5
16. dxc5 dxc5 17. Nb3 Qc7 18. a5 Rfd8 19. Qc2 Nxe4 20. fxe4 Bxa1 21. Nxa1 Qxa5
{White resigns} 0-1

[Event "Team 45 45 League T44"]
[Site "Internet Chess Club"]
[Date "2010.03.05"]
[Round "5"]
[White "SlimeDog2"]
[Black "LucaTrapani"]
[Result "1-0"]
[WhiteElo "2110"]
[BlackElo "1897"]
[Opening "Dutch defense"]
[ECO "A40"]
[Time "20:00:53"]
[TimeControl "2700+45"]

1. d4 e6 2. c4 f5 3. Nf3 d5 4. Qc2 c6 5. e3 Nf6 6. Bd3 Ne4 7. O-O Na6 8. a3 dxc4
9. Bxc4 b5 10. Bxe6 Bxe6 11. Qxc6+ Bd7 12. Qxa6 Be7 13. Ne5 O-O 14. Nd2 Ng5 15.
Nxd7 Qxd7 16. Nb3 Rf6 17. Qa5 Rg6 18. f3 Bd6 19. Nc5 Qc6 20. Kh1 Rh6 21. f4 Rf8
22. a4 Rff6 23. Qxb5 Qa8 24. Qb7 Qe8 25. fxg5 Rxh2+ 26. Kg1 Bg3 27. Qd5+ Kh8 28.
Qf3 f4 29. gxf6 Qg6 30. Qa8+ {Black resigns} 1-0

[Event "Team 45 45 League T44"]
[Site "Internet Chess Club"]
[Date "2010.03.10"]
[Round "5"]
[White "Troparion"]
[Black "dinkola"]
[Result "0-1"]
[WhiteElo "1781"]
[BlackElo "1709"]
[Opening "Alekhine's defense"]
[ECO "B02"]
[Time "14:30:30"]
[TimeControl "2700+45"]

1. e4 Nf6 2. Nc3 d6 3. f4 c5 4. Nf3 Bg4 5. h3 Bd7 6. Bc4 e6 7. d3 Be7 8. Be3 O-O
9. Qe2 a6 10. a4 Nc6 11. O-O Na5 12. g4 Nxc4 13. dxc4 Bc6 14. Bf2 Re8 15. Rad1
Qc7 16. Bg3 Rad8 17. Kh2 d5 18. f5 Bd6 19. e5 exf5 20. exd6 Rxe2+ 21. Nxe2 Qc8
22. g5 Ne4 23. cxd5 Bxa4 24. b3 Bd7 25. Be5 f6 26. gxf6 Nxf6 27. Rg1 Re8 28. Nf4
Qd8 29. c4 g6 30. Rge1 Ne4 31. Nd2 {White resigns} 0-1